 Dungeon Crawl Stone Soup version 0.24.0-41-g2ae2f7f1be (webtiles) character file.

Game seed: 7767163233052890009, levelgen mode: deterministic

334 Goreval the Shooter (level 6, -1/51 HPs)
             Began as a Centaur Hunter on Dec 10, 2019.
             Was a Priest of Lugonu.
             Shot with an arrow by a centaur (11 damage)
             ... on level 5 of the Dungeon.
             The game lasted 00:14:43 (6027 turns).

Goreval the Shooter (Centaur Hunter)                Turns: 6027, Time: 00:14:43

Health: -1/51      AC:  6    Str: 16    XL:     6   Next: 27%
Magic:  7/7        EV:  9    Int: 10    God:    Lugonu [***...]
Gold:   200        SH:  0    Dex: 10    Spells: 5/5 levels left

rFire    + . .     SeeInvis .   a - +1 shortbow
rCold    . . .     Gourm    .   (shield currently unavailable)
rNeg     . . .     Faith    .   r - +2 leather armour {rF+}
rPois    .         Spirit   .   (no helmet)
rElec    .         Reflect  .   (no cloak)
rCorr    .         Harm     .   (no gloves)
MR       .....                  (no barding)
Stlth    +.........             (no amulet)
HPRegen  0.17/turn              (no ring)
MPRegen  0.10/turn              (no ring)

@: very quick
A: large, hooves 3, deformed body, speed 2, tough skin 3
a: Depart the Abyss, Bend Space, Banish, Renounce Religion


You were on level 5 of the Dungeon.
You worshipped Lugonu.
Lugonu was most pleased with you.
You were not hungry.

You visited 1 branch of the dungeon, and saw 5 of its levels.

You collected 200 gold pieces.

Inventory:

Hand Weapons
 a - a +1 shortbow (weapon)
 p - a +1 antimagic dagger
 z - a +0 short sword
Missiles
 d - 31 arrows (quivered)
Armour
 c - a +0 leather armour
 r - a +2 leather armour of fire resistance (worn)
 s - a +0 chain mail
 v - a +0 pair of gloves
Scrolls
 e - a scroll of enchant weapon {unknown}
 g - a scroll of random uselessness {unknown}
 h - 3 scrolls of remove curse
 i - a scroll of noise {unknown}
 j - 2 scrolls of amnesia {unknown}
 k - 2 scrolls of enchant armour {unknown}
 n - 2 scrolls of fear {unknown}
 t - a scroll of immolation {unknown}
Potions
 l - 6 potions of curing {unknown}
 m - a potion of invisibility
 o - a potion of lignification {unknown}
 q - 2 potions of haste {unknown}
 u - a potion of might {unknown}
 w - a potion of flight {unknown}
Comestibles
 f - 10 rations


   Skills:
 + Level 3.5 Fighting
 - Level 2.0 Short Blades
 * Level 7.7 Bows
 - Level 1.0 Armour
 - Level 1.3 Dodging
 - Level 0.4 Stealth
 * Level 0.8 Unarmed Combat
 + Level 1.7 Invocations


You had 5 spell levels left.
You didn't know any spells.
Your spell library was empty.

Dungeon Overview and Level Annotations

Branches:
Dungeon (5/15)             Temple (0/1) D:5

Altars:
Dithmenos
Vehumet
Yredelemnul
Lugonu

Annotations:
D:5 Pikel


Innate Abilities, Weirdness & Mutations

You have hooves in place of feet.
Armour fits poorly on your strangely shaped body.
You cover ground very quickly.
You have extremely tough skin. (AC +3)


Message History

Aim: a centaur, wielding a +0 shortbow You shoot an arrow.
The arrow hits the centaur!
The centaur shoots an arrow.
The arrow hits you!
Firing (i - inventory)
d - 35 arrows (quivered)
Aim: a centaur, wielding a +0 shortbow (moderately wounded)
You shoot an arrow. The arrow hits the centaur!
The centaur shoots an arrow.
The arrow hits you.
The centaur shoots an arrow.
The arrow hits you!
Firing (i - inventory)
d - 34 arrows (quivered)
Aim: a centaur, wielding a +0 shortbow (severely wounded)
You shoot an arrow. The arrow hits the centaur.
Firing (i - inventory)
d - 33 arrows (quivered)
Aim: a centaur, wielding a +0 shortbow (severely wounded)
You shoot an arrow. The arrow barely misses the centaur.
The centaur shoots an arrow.
The arrow hits you!
* * * LOW HITPOINT WARNING * * *
Firing (i - inventory)
d - 32 arrows (quivered)
Aim: a centaur, wielding a +0 shortbow (severely wounded)
You shoot an arrow. The arrow hits the centaur.
The centaur shoots an arrow.
The arrow hits you!
You die...

............####
...........##
........(..#
.......(...#
..........(#
........#(.#
.......##c.#
.......##..##
......##@...#
.....
.............#
......
#############...
...... .($.
....# ..# ....#
## ....# ....#
....#


You could see a centaur.

Vanquished Creatures
  2 slaves (D:4)
  A scorpion (D:4)
  2 centaur skeletons (D:4)
  An iguana (D:4)
  A worker ant (D:4)
  A worker ant zombie (D:5)
  2 adders
  A howler monkey skeleton (D:4)
  An ooze (D:3)
  A dart slug (D:2)
  5 worms
  4 leopard geckos
  17 orcs
  4 giant cockroaches
  17 goblins
  5 hobgoblins
  7 jackals
  7 kobolds
  2 quokkas (D:2)
  2 ball pythons (D:3)
  12 bats
  6 frilled lizards
  A leopard gecko skeleton (D:4)
  5 rats
107 creatures vanquished.

Notes
Turn   | Place    | Note
-------+----------+-------------------------------------------
     0 | D:1      | Goreval the Centaur Hunter began the quest for the Orb.
     0 | D:1      | Reached XP level 1. HP: 17/17 MP: 1/1
   265 | D:1      | Reached XP level 2. HP: 17/24 MP: 2/2
   799 | D:1      | Reached skill level 6 in Bows
   805 | D:1      | Reached skill level 1 in Short Blades
   921 | D:1      | Reached XP level 3. HP: 30/30 MP: 3/3
  1573 | D:2      | Found a faded altar of an unknown god.
  1585 | D:2      | Became a worshipper of Lugonu the Unformed
  1585 | D:2      | Reached * piety under Lugonu
  1585 | D:2      | Reached ** piety under Lugonu
  1610 | D:2      | Found a radiant altar of Vehumet.
  2148 | D:2      | Reached XP level 4. HP: 19/37 MP: 4/4
  2735 | D:3      | Reached *** piety under Lugonu
  3479 | D:3      | Reached skill level 1 in Armour
  3695 | D:4      | Reached XP level 5. HP: 39/45 MP: 5/5
  3713 | D:4      | Reached skill level 7 in Bows
  3720 | D:4      | Found a shadowy altar of Dithmenos.
  3759 | D:4      | Found a basalt altar of Yredelemnul.
  3936 | D:4      | Reached skill level 1 in Invocations
  4821 | D:4      | Reached XP level 6. HP: 51/51 MP: 7/7
  5194 | D:5      | Entered Level 5 of the Dungeon
  5366 | D:5      | Noticed a slave
  5366 | D:5      | Noticed a slave
  5383 | D:5      | Noticed Pikel
  5398 | D:4      | Killed a slave
  5957 | D:4      | Killed a slave
  5987 | D:5      | Found a staircase to the Ecumenical Temple.
  6027 | D:5      | Shot with an arrow by a centaur

Levels and vault maps discovered:
D:1:      saegor_arrival_simple_c, layout_basic
D:2:      layout_loops_corners, vehumet_crystals, first_ration,
          chequers_ecumenical_altar_simple_redux
D:3:      layout_basic
D:4:      layout_basic, kennysheep_little_box, grunt_dithmenos_smoke_and_mirrors
D:5:      layout_layer_cave, lemuel_round_altar, kennysheep_vampire_church,
          minmay_temple_entry_tees, uniq_blork_the_orc, uniq_ijyb, uniq_pikel

Skill      XL: |  1  2  3  4  5 |
---------------+----------------+-----
Bows           | 6 7 |  7.7
Short Blades   | 1 2 |  2.0
Armour         | 1 |  1.0
Fighting       | 3 |  3.5
Invocations    | 1 |  1.7
Dodging        | |  1.3
Stealth        | |  0.4
Unarmed Combat | |  0.8

Action                   |  1- 3 |  4- 6 || total
-------------------------+-------+-------++-------
Melee: Short sword       |   181 |   168 ||   349
       Kick              |    35 |    76 ||   111
       Unarmed           |       |    53 ||    53
       Shortbow          |       |     1 ||     1
 Fire: Shortbow          |       |    33 ||    33
  Use: Scroll            |       |     1 ||     1
  Eat: Chunk             |     3 |    11 ||    14
Armor: Leather armour    |    14 |    56 ||    70
       Ring mail         |    67 |    14 ||    81
Dodge: Dodged            |    76 |    93 ||   169
